Map: [ESL] Gresvan

Players

RagnaroK (SHIN) - Winner!

  • Race: Zerg Zerg
  • Spawn Location: 11:00

Serral

  • Race: Zerg Zerg
  • Spawn Location: 5:00

Event: IEM Katowice 2023

VOD

Have the link to the VOD?

Description

Time

  • Played on: Feb. 12, 2023, 6:54 a.m.
  • Length: 10:01

All games in this series

Show
View Real Time Build Order
Export as new Build Order

RagnaroK Zerg - Winner!

Build Orders: Hatch First 

Get SALT Encoding   

  12  0:00  Drone  
  13  0:12  Overlord  
  13  0:17  Drone  
  14  0:30  Drone x2  
  16  0:48  Hatchery  
  15  0:51  Drone  
  15  0:55  Drone  
  17  0:58  Drone  
  18  1:09  Extractor  
  17  1:12  Spawning Pool  
  17  1:16  Drone  
  17  1:19  Drone  
  18  1:28  Drone  
  19  1:39  Drone  
  20  1:50  Drone  
  21  1:59  Queen x2  
  21  2:00  Drone x2  
  27  2:10  Overlord  
  27  2:11  Zergling x2  
  27  2:12  Metabolic Boost  
  28  2:28  Drone  
  28  2:29  Drone  
  30  2:33  Drone, Hatchery  
  30  2:36  Drone  
  31  2:44  Baneling Nest  
  31  2:45  Drone  
  31  2:47  Drone  
  32  2:53  Overlord  
  32  3:00  Zergling x2  
  32  3:05  Zergling x2  
  34  3:09  Drone x2  
  34  3:11  Overlord  
  34  3:12  Drone x3  
  39  3:14  Zergling x2  
  39  3:19  Queen  
  40  3:23  Zergling x2  
  40  3:25  Zergling x2  
  44  3:30  Evolution Chamber  
  44  3:32  Drone x2  
  45  3:35  Baneling x2  
  45  3:38  Drone  
  46  3:43  Drone x4  
  46  3:46  Drone  
  51  3:51  Drone  
  51  3:53  Drone  
  53  3:57  Zerg Missile Weapons Level 1, Roach Warren  
  53  4:00  Extractor  
  53  4:01  Drone  
  52  4:05  Drone x2  
  52  4:06  Overlord  
  54  4:11  Drone x3  
  54  4:16  Lair  
  56  4:21  Overlord, Drone  
  57  4:25  Drone  
  57  4:26  Drone x3  
  57  4:29  Drone x2  
  63  4:31  Extractor  
  63  4:32  Extractor  
  63  4:33  Overlord  
  63  4:38  Drone x3  
  64  4:41  Zergling x2  
  65  4:46  Drone x3  
  65  4:47  Drone x3  
  65  4:51  Overlord  
  70  4:53  Roach x2  
  70  4:56  Roach  
  76  5:00  Roach  
  76  5:02  Roach  
  76  5:04  Roach, Spine Crawler  
  80  5:10  Roach x2  
  80  5:11  Roach x2  
  80  5:13  Roach  
  87  5:15  Glial Reconstitution  
  87  5:17  Roach  
  87  5:20  Overlord  
  87  5:21  Overlord  
  89  5:23  Roach  
  90  5:29  Overlord, Extractor  
  90  5:31  Extractor  
  88  5:39  Spire  
  88  5:40  Roach  
  88  5:42  Drone x3, Roach  
  95  5:45  Roach  
  95  5:47  Overlord  
  95  5:48  Roach  
  99  5:50  Drone, Roach  
  99  5:51  Drone, Roach  
  99  5:55  Overlord, Roach  
  107  5:57  Drone  
  107  5:58  Roach x2  
  107  6:02  Overlord, Roach  
  114  6:05  Overseer  
  114  6:06  Overlord  
  114  6:12  Overlord  
  114  6:13  Roach  
  114  6:15  Roach x2  
  120  6:19  Roach x2  
  120  6:20  Roach  
  120  6:25  Roach x2  
  130  6:29  Roach x3  
  130  6:32  Roach  
  138  6:33  Roach  
  138  6:36  Overlord  
  138  6:38  Roach  
  142  6:40  Roach  
  142  6:44  Roach  
  146  6:48  Overlord x2  
  146  6:50  Overlord x2  
  146  6:52  Overlord  
  146  6:55  Drone  
  147  7:08  Hatchery  
  146  7:09  Mutalisk x4  
  154  7:16  Mutalisk x3  
  138  7:22  Mutalisk  
  138  7:23  Mutalisk  
  138  7:28  Mutalisk  
  134  7:35  Roach x4  
  130  7:41  Roach x3  
  126  7:45  Roach x3  
  126  7:50  Roach x4  
  130  7:55  Roach  
  120  8:01  Roach x2  
  120  8:05  Roach  
  126  8:11  Roach  
  128  8:13  Roach  
  128  8:17  Roach x5  
  140  8:28  Roach  
  140  8:29  Roach x7  
  140  8:33  Roach  
  156  8:39  Roach x2  
  158  8:41  Roach x2  
  158  8:44  Roach x3  
  158  8:45  Roach  
  156  8:50  Roach x2  
  156  8:53  Roach x2  
  162  8:57  Overlord  
  162  8:58  Ravager x2  
  162  9:01  Roach x2  
  168  9:04  Roach  
  168  9:08  Roach x2  
  174  9:13  Roach x3  
  174  9:15  Ravager  
  174  9:16  Roach  
  183  9:19  Roach x2  
  183  9:23  Roach x2  
  191  9:28  Roach x2  
  191  9:29  Roach x2  
  191  9:41  Roach x7  
Show
View Real Time Build Order
Export as new Build Order

Serral Zerg 

Build Orders: Hatch First 

Get SALT Encoding   

  12  0:00  Drone  
  13  0:11  Overlord  
  13  0:16  Drone  
  14  0:30  Drone x2  
  16  0:46  Hatchery  
  15  0:50  Drone  
  15  0:53  Drone  
  15  0:57  Drone  
  18  1:07  Extractor  
  17  1:12  Spawning Pool  
  17  1:15  Drone  
  17  1:18  Drone  
  18  1:27  Drone  
  19  1:38  Drone  
  20  1:50  Drone  
  21  1:59  Queen x2  
  21  2:00  Overlord, Zergling x2  
  26  2:10  Drone x2  
  26  2:11  Metabolic Boost  
  28  2:20  Drone  
  29  2:23  Drone  
  30  2:32  Hatchery  
  30  2:34  Drone  
  30  2:38  Zergling x2  
  30  2:42  Drone  
  32  2:47  Baneling Nest  
  32  2:49  Overlord  
  31  2:53  Drone  
  31  2:54  Drone  
  33  3:03  Zergling x2  
  34  3:08  Drone x3  
  34  3:10  Overlord  
  34  3:12  Zergling x4  
  39  3:15  Zergling x2  
  39  3:17  Drone  
  41  3:21  Drone  
  41  3:26  Queen  
  44  3:30  Drone  
  44  3:32  Drone  
  46  3:37  Drone  
  46  3:40  Drone x5  
  52  3:44  Drone x2  
  54  3:53  Evolution Chamber  
  54  3:54  Roach Warren  
  54  3:55  Extractor  
  51  3:56  Overlord  
  51  3:59  Drone  
  51  4:01  Drone  
  53  4:03  Drone  
  53  4:06  Drone x2  
  53  4:08  Drone  
  57  4:13  Extractor, Drone x2  
  58  4:17  Drone  
  58  4:18  Zerg Missile Weapons Level 1  
  58  4:23  Lair, Drone x2  
  61  4:29  Overlord  
  61  4:31  Overlord  
  61  4:36  Roach  
  61  4:37  Roach  
  64  4:48  Roach x4  
  64  4:52  Overlord  
  72  4:53  Drone, Zergling x2  
  72  4:54  Drone x4  
  72  4:57  Drone  
  79  5:00  Baneling  
  79  5:04  Drone  
  79  5:05  Drone  
  81  5:09  Drone x2  
  81  5:10  Overlord  
  81  5:12  Drone  
  81  5:13  Drone  
  81  5:19  Extractor  
  81  5:20  Extractor x2, Overlord  
  81  5:21  Drone x2  
  80  5:24  Glial Reconstitution  
  80  5:26  Pneumatized Carapace, Overseer  
  80  5:28  Roach x4  
  87  5:30  Overlord x2  
  88  5:36  Roach x3  
  94  5:43  Drone x3  
  94  5:46  Overlord  
  97  5:54  Overlord  
  97  5:56  Drone x4  
  100  5:58  Extractor, Drone  
  100  6:00  Overlord  
  100  6:02  Drone  
  100  6:03  Roach x3, Evolution Chamber  
  108  6:04  Roach  
  108  6:09  Hatchery, Roach  
  109  6:14  Zerg Missile Weapons Level 2  
  109  6:16  Roach x3, Overseer  
  115  6:21  Roach x3  
  115  6:24  Overlord  
  121  6:30  Drone  
  121  6:32  Hydralisk Den, Zerg Ground Armor Level 1  
  121  6:42  Drone  
  121  6:43  Drone x2, Overseer  
  124  6:48  Roach  
  124  6:49  Roach x3  
  124  6:54  Roach x6  
  138  6:56  Overlord  
  138  6:59  Roach  
  138  7:00  Overlord x3  
  146  7:02  Overlord  
  146  7:05  Overlord  
  146  7:16  Roach x4  
  146  7:18  Roach x2  
  146  7:19  Roach  
  146  7:21  Roach  
  146  7:22  Roach  
  146  7:27  Roach  
  146  7:28  Roach x2  
  146  7:29  Roach x4  
  136  7:31  Roach  
  136  7:32  Roach  
  136  7:34  Roach  
  124  7:40  Roach x2  
  124  7:43  Roach  
  124  7:44  Roach  
  118  7:49  Spine Crawler  
  118  7:50  Roach x2  
  113  7:52  Hydralisk, Spore Crawler x3  
  113  7:53  Hydralisk  
  113  7:56  Grooved Spines  
  114  7:59  Spore Crawler  
  114  8:00  Hydralisk  
  114  8:03  Hydralisk  
  110  8:10  Hydralisk x2  
  110  8:12  Spore Crawler  
  111  8:13  Hydralisk  
  111  8:15  Hydralisk  
  111  8:18  Hydralisk  
  115  8:26  Hydralisk x3  
  113  8:32  Hydralisk  
  113  8:33  Hydralisk  
  111  8:41  Hydralisk x4  
  109  8:46  Roach  
  109  8:47  Roach  
  111  8:49  Roach  
  111  8:51  Roach  
  111  8:53  Roach  
  117  8:56  Roach  
  117  8:58  Roach  
  121  9:06  Roach x3  
  127  9:13  Queen  
  127  9:16  Roach x3  
  135  9:22  Roach x4  
  143  9:26  Overlord  
  143  9:28  Overlord  
  143  9:30  Ravager x2  
  145  9:31  Overlord  
  145  9:35  Roach x2  
  147  9:40  Roach  

Tags
 
Add a new tag
Caveats
  • Supply blocks, unpowered buildings, or Contaminate may cause inaccurate times.
  • Supply counts are checked every 10 seconds.